 Dungeon Crawl Stone Soup version 0.30-a0-377-g5cb311bc9f (webtiles) character file.

Game seed: 5954939143199479849

306 NinjaNoafa the Magician (level 6, 0/46 HPs)
             Began as a Djinni Ice Elementalist on Nov 28, 2022.
             Was a Follower of Elyvilon.
             Slain by an iguana (7 damage)
             ... on level 4 of the Dungeon.
             The game lasted 00:06:12 (3064 turns).

NinjaNoafa the Magician (Djinni Ice Elementalist)   Turns: 3064, Time: 00:06:13

Health: 0/46       AC:  8    Str:  7    XL:     6   Next: 67%
Gold:   118        EV: 12    Int: 19    God:    Elyvilon [*.....] SH:  0 Dex: 13

rFire   + + +      SeeInvis .    p - +0 falchion
rCold   x . .      Faith    .    (no shield)
rNeg    . . .      Spirit   .    a - +0 robe
rPois   ∞          Reflect  .    (no helmet)
rElec   .          Harm     .    (no cloak)
rCorr   .          Rampage  .    (no gloves)
Will    .....                    (boots unavailable)
Stlth   ++........               (no amulet)
HPRegen 0.27/turn                b - ring of protection from fire
MPRegen 0.00/turn                r - ring of wizardry

@: ice-armoured, flying
A: sickness immunity, fire resistance 2, cold vulnerability 1, float, innate
caster, HP casting, extra vitality 1
a: Renounce Religion, Purification


You were on level 4 of the Dungeon.
You worshipped Elyvilon.
Elyvilon was aware of your devotion.
You visited 1 branch of the dungeon, and saw 4 of its levels.

You collected 118 gold pieces.

Inventory:

Hand Weapons
 p - a +0 falchion (weapon)
Missiles
 e - 4 curare-tipped darts
 g - 31 stones
 i - 4 poisoned darts
 o - a throwing net
Armour
 a - a +0 robe (worn)
Jewellery
 b - a ring of protection from fire (left hand)
 r - a ring of wizardry (right hand)
Wands
 u - a wand of polymorph (7)
Scrolls
 c - a scroll of enchant weapon {unknown}
 d - 5 scrolls of identify {unknown}
 f - 2 scrolls of teleportation {unknown}
 j - a scroll of fear {unknown}
 l - 2 scrolls of vulnerability {unknown}
 q - a scroll of blinking {unknown}
 t - a scroll of summoning {unknown}
Potions
 h - a potion of might {unknown}
 k - a potion of curing {unknown}
 m - 2 potions of flight {unknown}
 n - a potion of magic {unknown}
 s - a potion of mutation {unknown}


   Skills:
 + Level 3.3 Fighting
 - Level 2.1 Dodging
 - Level 1.5 Stealth
 * Level 5.1 Spellcasting


You had one spell level left.
You knew the following spells:

 Your Spells              Type           Power      Damage    Failure   Level
a - Freeze                Ice            96%        1d10      1%          1
b - Frozen Ramparts       Ice            48%        1d8       1%          3
c - Ozocubu's Armour      Ice            24%        N/A       1%          3
d - Summon Ice Beast      Ice/Summ       24%        N/A       6%          4
e - Shock                 Conj/Air       96%        1d9       1%          1
f - Blink                 Tloc           48%        N/A       1%          2
Your spell library was empty.

Dungeon Overview and Level Annotations

Branches:
Dungeon (4/15)
 Temple: D:4-7

Altars:
Dithmenos
Elyvilon


Innate Abilities, Weirdness & Mutations

You are immune to sickness and miasma.
You are immune to poison.
Your flesh is very heat resistant. (rF++)
You are vulnerable to cold. (rC-)
You float through the air rather than walking.
You learn spells naturally, not from books.
Your magical power is your life essence.
You have superior vitality. (+4 MHP)


Message History

The zap misses the iguana.
The iguana misses you.
You closely miss the iguana.
The iguana is moderately wounded.
The iguana bites you. The iguana bites you!
You hit the iguana. Your punch misses the iguana.
The iguana is heavily wounded.
The iguana barely misses you.
You closely miss the iguana.
The iguana is heavily wounded.
The iguana bites you.
You hit the iguana but do no damage.
The iguana is heavily wounded.
The iguana closely misses you. x2
You barely miss the iguana.
The iguana is heavily wounded.
The iguana closely misses you.
You barely miss the iguana.
The iguana is heavily wounded.
The iguana bites you.
You hit the iguana but do no damage.
The iguana is heavily wounded.
The iguana bites you!
You hit the iguana but do no damage.
The iguana is heavily wounded.
The iguana bites you! The iguana bites you.
Casting: Shock (safe; 1% risk of failure)
Confirm with . or Enter, or press ? or * to list all spells.
Aiming: Freeze (safe; 1% risk of failure)
Press: ? - help, Shift-Dir - straight line, f/p - iguana
Aim: an iguana (heavily wounded)
You freeze the iguana.
The iguana is heavily wounded.
The iguana bites you.
* * * LOW HITPOINT WARNING * * *
Casting: Freeze (safe; 1% risk of failure)
Confirm with . or Enter, or press ? or * to list all spells.
A film of ice covers your body!
* * * LOW HITPOINT WARNING * * *
The iguana bites you!
You die...

#.# ##...## #.
#.##.# #> ##
##'## #. .....#
#.. #.# #.####
..### #.# #.#
...##.## #.#
#.#...## #......#
.###.#...##
#.......l@#
#####.##.........
#. #.######## ..
#.# ### #.# #.#
#.# #.#


You could see an iguana.

Vanquished Creatures
  2 jellies
  Jessica (D:2)
  Terence (D:3)
  An iguana (D:4)
  2 orc wizards (D:3)
  3 adders
  2 dart slugs
  2 orcs (D:3)
  3 ball pythons
  9 bats
  An endoplasm (D:1)
  3 giant cockroaches (D:1)
  6 hobgoblins
  4 quokkas
  2 frilled lizards
  5 kobolds
  5 rats
52 creatures vanquished.

Vanquished Creatures (collateral kills)
  The ghost of qeuew the Conjurer, a weakling DECj of Ashenzari (D:3)
  An orc (D:3)
  A hobgoblin (D:3)
3 creatures vanquished.

Grand Total: 55 creatures vanquished

Notes
Turn   | Place    | Note
-------+----------+-------------------------------------------
     0 | D:1      | NinjaNoafa the Djinni Ice Elementalist began the quest for
                  | the Orb.
     0 | D:1      | NinjaNoafa set off with the following spells memorised:
                  | Freeze, Frozen Ramparts, Ozocubu's Armour, Summon Ice
                  | Beast.
     0 | D:1      | Reached XP level 1. HP: 15/15 MP: 0/0
   161 | D:1      | Reached XP level 2. HP: 16/22 MP: 0/0
   477 | D:1      | Reached skill level 1 in Fighting
   554 | D:1      | Reached XP level 3. HP: 22/27 MP: 0/0
   554 | D:1      | Learned a level 1 spell: Shock
   996 | D:2      | Found a shadowy altar of Dithmenos.
  1425 | D:2      | Noticed Jessica
  1428 | D:2      | Killed Jessica
  1429 | D:2      | Reached skill level 4 in Spellcasting
  1429 | D:2      | Reached XP level 4. HP: 27/33 MP: 0/0
  1816 | D:3      | Reached XP level 5. HP: 28/38 MP: 0/0
  1816 | D:3      | Learned a level 2 spell: Blink
  1885 | D:3      | Found a runed translucent gate.
  1887 | D:3      | Found a runed translucent gate.
  1890 | D:3      | Noticed qeuew's ghost (weakling DECj)
  1891 | D:3      | Found a runed translucent gate.
  1924 | D:3      | Found a white marble altar of Elyvilon.
  1972 | D:3      | Became a worshipper of Elyvilon the Healer
  2128 | D:3      | Noticed Terence
  2137 | D:3      | Killed Terence
  2615 | D:3      | Reached XP level 6. HP: 15/45 MP: 0/0
  2617 | D:3      | Killed qeuew's ghost
  2812 | D:4      | Reached skill level 5 in Spellcasting
  3025 | D:4      | Reached * piety under Elyvilon
  3064 | D:4      | Slain by an iguana

Illustrated notes

Levels and vault maps discovered:
D:1:      dpeg_arrival_short_road, layout_loops_ring
D:2:      layout_basic, basic_altar, uniq_jessica
D:3:      layout_basic, mainiacjoe_overflow_boulevard, gammafunk_ghost_split,
          uniq_terence
D:4:      layout_loops_corners, mainiacjoe_overflow_concentric_impassable,
          kennysheep_generic_room_6

Skill      XL: |  1  2  3  4  5  6 |
---------------+-------------------+-----
Fighting       | 1 2 3 |  3.3
Spellcasting   | 4 5 |  5.1
Dodging        | |  2.1
Stealth        | |  1.5

Action                   |  1- 3 |  4- 6 || total
-------------------------+-------+-------++-------
Melee: Unarmed           |     7 |       ||     7
       Falchion          |       |    10 ||    10
 Cast: Freeze            |    39 |     8 ||    47
       Shock             |    23 |    40 ||    63
       Frozen Ramparts   |       |     3 ||     3
       Blink             |       |     3 ||     3
       Ozocubu's Armour  |       |     2 ||     2
       Summon Ice Beast  |       |     1 ||     1
  Use: Potion            |     2 |       ||     2
Armor: Robe              |     5 |       ||     5
Dodge: Dodged            |    34 |    13 ||    47

Table legend: (Time is in decaauts)
 A = Elapsed time spent in this place.
 B = Non-inter-level travel time spent in this place.
 C = Inter-level travel time spent in this place.
 D = Time resting spent in this place.
 E = Time spent auto-exploring this place.
 F = Levels seen in this place.
 G = Mean time per level.
                   A        B        C        D        E       F      G
               +--------+--------+--------+--------+--------+-----+--------+
         Total |   3065 |   2948 |    117 |      0 |   2597 |   4 |  766.2 |
       Dungeon |   3065 |   2948 |    117 |      0 |   2597 |   4 |  766.2 |
               +--------+--------+--------+--------+--------+-----+--------+

Top non-repeatable levels by time:
     D:3: 1168 daAuts
     D:1: 885 daAuts
     D:2: 716 daAuts
     D:4: 295 daAuts
